 Dungeon Crawl Stone Soup version 0.20-a0-842-g939b552 (webtiles) character file.

61 Laan the Chopper (level 4, -1/35 HPs)
             Began as a Formicid Berserker on Mar 9, 2017.
             Was a Believer of Trog.
             Slain by a bullfrog (2 damage)
             ... on level 2 of the Dungeon.
             The game lasted 00:03:15 (2004 turns).

Laan the Chopper (Formicid Berserker)               Turns: 2004, Time: 00:03:16

Health: -1/35      AC:  3    Str: 23    XL:     4   Next: 27%
Magic:  4/4        EV: 17    Int:  6    God:    Trog [**....]
Gold:   80         SH:  0    Dex: 15    Spells: 3/3 levels left

rFire    . . .     SeeInvis +   a - +0 hand axe
rCold    . . .     Gourm    .   b - +0 animal skin
rNeg     . . .     Faith    .   (no shield)
rPois    .         Spirit   .   (helmet unavailable)
rElec    .         Reflect  .   (no cloak)
rCorr    .         Harm     .   e - +0 pair of gloves
MR       .....                  (no boots)
Stlth    ++........             (no amulet)
Regen    0.2/turn               (no ring)
MPRegen  0.1/turn               (no ring)

@: agile
A: permanent stasis, dig shafts and tunnels, four strong arms, antennae 3
a: Dig, Shaft Self, Trog's Hand, Burn Spellbooks, Renounce Religion


You were on level 2 of the Dungeon.
You worshipped Trog.
Trog was pleased with you.
You were not hungry.

You visited 1 branch of the dungeon, and saw 2 of its levels.

You collected 80 gold pieces.

Inventory:

Hand Weapons
 a - a +0 hand axe (weapon)
Armour
 b - a +0 animal skin (worn)
 e - a +0 pair of gloves (worn)
Wands
 j - a wand of polymorph (10/24)
Scrolls
 d - a scroll of remove curse {unknown}
 h - a scroll of identify {unknown}
 k - a scroll of immolation {unknown}
 l - a scroll of magic mapping {unknown}
 n - a scroll of random uselessness {unknown}
 o - a scroll of recharging {unknown}
 p - a scroll of noise {unknown}
Comestibles
 c - 2 bread rations
 g - a royal jelly
 i - 2 meat rations


   Skills:
 - Level 3.2 Fighting
 + Level 4.8 Axes
 - Level 2.1 Armour
 - Level 1.7 Dodging


You had 3 spell levels left.
You didn't know any spells.

Dungeon Overview and Level Annotations

Branches:
Dungeon (2/15)

Altars:
Gozag
Trog
Yredelemnul
The Shining One

Shops:
D:2 *


Innate Abilities, Weirdness & Mutations

You cannot be hasted, slowed, berserked, paralysed or teleported.
You can dig through walls and to a lower floor.
Your four strong arms can wield two-handed weapons with a shield.
You have a pair of large antennae on your head. (SInv)


Message History

The bullfrog hits you.
* * * LOW HITPOINT WARNING * * *
The bullfrog misses you.
You miss the bullfrog.
The bullfrog is heavily wounded.
The bullfrog hits you but does no damage.
It was a potion of berserk rage.
Your stasis prevents you from going berserk.
The bullfrog closely misses you. The bullfrog hits you.
* * * LOW HITPOINT WARNING * * *
It was a potion of agility.
You feel agile all of a sudden. The bullfrog closely misses you.
You barely miss the bullfrog.
The bullfrog is heavily wounded.
The bullfrog barely misses you. The bullfrog misses you.
You barely miss the bullfrog.
The bullfrog is heavily wounded.
The bullfrog hits you.
You die...

#.............# #.####### ####
#.......(.(...# #.#
#.............# #.#
#.............# #.#
#.............######.# {
#....................# ######
#.............#...#### #.....
########.#..........########.###.
#>.....).@................
#...#.###F######.####.####
###...# #.# ###.####.# #.### #.#
#......#.# #.# #.# #......#.####
#># #.# #......#.....
#########.#####.####......######
##.........#......≈≈≈≈≈≈≈..# #
...........#......≈.....≈### #


You could see a bullfrog.

Vanquished Creatures
  An ooze (D:2)
  A leopard gecko (D:1)
  A ball python (D:1)
  2 giant cockroaches (D:2)
  6 goblins
  6 hobgoblins
  5 jackals
  A quokka (D:2)
  6 bats
  5 frilled lizards
  8 kobolds
  9 rats
51 creatures vanquished.

Notes
Turn   | Place    | Note
-------+----------+-------------------------------------------
     0 | D:1      | Laan the Formicid Berserker began the quest for the Orb.
     0 | D:1      | Reached XP level 1. HP: 18/18 MP: 1/1
   100 | D:1      | Reached XP level 2. HP: 17/24 MP: 2/2
   513 | D:1      | Reached skill level 4 in Axes
   513 | D:1      | Reached XP level 3. HP: 22/29 MP: 3/3
   827 | D:2      | Reached ** piety under Trog
   848 | D:2      | Found an opulent altar of Gozag.
   860 | D:2      | Found Gozag's Platinum Reserve.
  1001 | D:2      | Found a glowing golden altar of the Shining One.
  1010 | D:2      | Found a basalt altar of Yredelemnul.
  1042 | D:2      | Found a bloodstained altar of Trog.
  1354 | D:2      | Reached XP level 4. HP: 30/35 MP: 4/4
  1946 | D:2      | Noticed an angel
  1998 | D:2      | Noticed a bullfrog
  1998 | D:2      | a worm changed into a bullfrog
  2001 | D:2      | HP: 1/35 [bullfrog (3)]
  2004 | D:2      | Slain by a bullfrog

Vault maps used:
D:1:      minmay_arrival_glassed_features, minmay_splitting_lines
D:2:      lemuel_upstairs_altar, bloody_trog, nicolae_gozag_zags_fifth_avenue,
          grunt_temple_overflow_holy_war

Skill      XL: |  1  2 |
---------------+-------+-----
Axes           | 4 |  4.8
Fighting       | |  3.2
Armour         | |  2.1
Dodging        | |  1.7

Action                   |  1- 3 |  4- 6 || total
-------------------------+-------+-------++-------
Melee: Hand axe          |   115 |    38 ||   153
Evoke: Wand              |       |     1 ||     1
  Use: Potion            |       |     2 ||     2
 Stab: Sleeping          |     1 |       ||     1
  Eat: Chunk             |     1 |     3 ||     4
Armor: Animal skin       |    38 |     7 ||    45
Dodge: Dodged            |    84 |    28 ||   112
